 Dungeon Crawl Stone Soup version 0.31.0-11-ge490571c62 (webtiles) character file.

Game seed: 7047072864631184426

17807 hadoken the Grappler (level 12, -7/124 HPs)
             Began as a Troll Earth Elementalist on Feb 10, 2024.
             Was a Follower of Uskayaw.
             Mangled by a skyshark (10 damage)
             ... on level 3 of the Lair of Beasts.
             The game lasted 00:31:30 (11831 turns).

hadoken the Grappler (Troll Earth Elementalist)    Turns: 11831, Time: 00:31:31

Health: -7/124     AC: 10    Str: 23    XL:     12   Next: 22%
Magic:  11/16      EV: 10    Int: 11    God:    Uskayaw [*.....]
Gold:   747        SH:  0    Dex: 16    Spells: 9/13 levels left

rFire   . .          .
                       - Unarmed
rCold   . . .        (no shield)
rNeg    . . .        p - +0 steam dragon scales
rPois   +            j - +2 hat
rElec   .            g - +0 cloak {rPois}
rCorr   +            (gloves unavailable)
SInv    .            (boots unavailable)
Will    .....        c - amulet of magic regeneration
Stlth   ++           B - ring of resist corrosion
HPRegen 1.20/turn    J - +6 ring of dexterity
MPRegen 0.55/turn

%: no passive effects
@: about to teleport, hasted, very quick
A: large, unfitting armour, claws 3, regeneration 1, shaggy fur 1, tough skin 1
a: Renounce Religion, Stomp


You were on level 3 of the Lair of Beasts.
You worshipped Uskayaw.
Uskayaw was noncommittal.
You visited 3 branches of the dungeon, and saw 15 of its levels.

You collected 899 gold pieces.
You spent 152 gold pieces at shops.

Inventory:

Missiles
 h - 2 throwing nets
 l - a curare-tipped dart (quivered)
 t - 5 datura-tipped darts
 G - 3 poisoned darts
Armour
 g - a +0 cloak of poison resistance (worn)
 j - a +2 hat (worn)
 p - +0 steam dragon scales (worn)
 D - a +1 robe of cold resistance
Jewellery
 c - an amulet of magic regeneration (around neck)
 B - a ring of resist corrosion (left claw)
 J - a +6 ring of dexterity (right claw)
Talismans
 k - a maw talisman
Wands
 n - a wand of charming (3)
 E - a wand of acid (3)
 F - a wand of roots (1)
Scrolls
 d - a scroll of immolation
 f - 7 scrolls of identify
 i - a scroll of silence
 m - a scroll of torment {unknown}
 o - a scroll of blinking
 u - a scroll of enchant armour {unknown}
 w - 2 scrolls of enchant weapon {unknown}
 x - a scroll of noise
 y - 2 scrolls of teleportation
 A - a scroll of brand weapon
 C - 2 scrolls of revelation
 H - a scroll of fear {unknown}
 I - a scroll of amnesia {unknown}
Potions
 a - 2 potions of enlightenment {unknown}
 b - 4 potions of magic
 e - 4 potions of heal wounds
 q - a potion of brilliance
 r - 2 potions of mutation
 s - a potion of degeneration
 z - 4 potions of curing


   Skills:
 + Level 9.6 Fighting
 - Level 1.5 Dodging
 - Level 1.0 Stealth
 + Level 11.9 Unarmed Combat
 - Level 1.2 Spellcasting
 - Level 0.6 Conjurations
 + Level 8.2 Earth Magic
 + Level 7.6 Invocations


You had 9 spell levels left.
You knew the following spells:

 Your Spells              Type           Power      Damage    Failure   Level
a - Sandblast             Erth           36%        2d10      1%          1
b - Stone Arrow           Conj/Erth      20%        3d8       16%         3

Your spell library contained the following spells:

 Spells                   Type           Power      Damage    Failure   Level
 Passwall                 Erth           18%        N/A       3%          3
 Apportation              Tloc           0%         N/A       32%         1
 Necrotise                Necr           0%         1d4       32%         1
 Cigotuvi's Dreadful Rot  Necr/Alch/Air  0%         N/A       43%         2
 Jinxbite                 Hex            0%         N/A       43%         2
 Brom's Barrelling Bould  Conj/Erth      10%        2d3       45%         4
 Petrify                  Alch/Erth      9%         N/A       50%         4
 Vampiric Draining        Necr           0%         2d6       67%         3
 Volatile Blastmotes      Fire/Tloc      0%         2d10      67%         3
 Fulminant Prism          Conj/Alch      0%         3d5       95%         4
 Iskenderun's Mystic Bla  Conj/Tloc      1%         2d3       95%         4
 Anguish                  Hex/Necr       0%         N/A       97%         4
 Cause Fear               Hex            0%         N/A       97%         4
 Ignite Poison            Fire/Alch      0%         N/A       97%         4
 Martyr's Knell           Necr/Summ      0%         N/A       97%         4
 Alistair's Intoxication  Alch           0%         N/A       100%        5
 Curse of Agony           Necr           0%         N/A       100%        5
 Freezing Cloud           Conj/Ice/Air   0%         6-21      100%        5
 Enfeeble                 Hex            0%         N/A       100%        7


Dungeon Overview and Level Annotations

Branches:
Dungeon (11/15)            Temple (1/1) D:5            Lair (3/5) D:10
  Snake (0/4) Lair:2          Orc (0/2) D:10
  Swamp: Lair:2-3    Shoals: Lair:2-3

Altars:
Ashenzari
Cheibriados
Dithmenos
Elyvilon
Fedhas
Gozag
Hepliaklqana
Kikubaaqudgha
Makhleb
Nemelex Xobeh
Okawaru
Qazlal
Ru
Sif Muna
Trog
Uskayaw
Vehumet
Wu Jian
Xom
Yredelemnul
Zin
The Shining One

Shops:
D:8 *

Annotations:
Lair:2 exclusions: 3 electric eels and 2 more exclusions


Innate Abilities, Weirdness & Mutations

You are too large for most types of armour.
You have claws for hands.
Your natural rate of healing is unusually fast.
You are covered in fur. (AC +1)
You have tough skin. (AC +1)


Message History

The skyshark tastes blood and grows stronger!
The skyshark tail-slaps you. x2
Found 6 stones.
Found 14 stones.
Casting: Stone Arrow (mildly dangerous; 16% risk of failure)
Confirm with . or Enter, or press ? or * to list all spells.
Aiming: Stone Arrow (mildly dangerous; 16% risk of failure)
Press: ? - help, Shift-Dir - straight line, f/p - komodo dragon
Aim: a komodo dragon (lightly wounded, 77% to hit)
The stone arrow hits the skyshark.
The skyshark is moderately wounded.
Found 12 stones.
The skyshark bites you.
The skyshark enters a blood-rage!
The skyshark tail-slaps you. The skyshark tail-slaps you!
Found a pair of embroidered boots and 6 stones.
A komodo dragon comes into view.
The skyshark attacks as it pursues you! The skyshark bites you!
The skyshark tail-slaps you but does no damage.
The skyshark tail-slaps you! The skyshark barely misses you.
The skyshark closely misses you. The skyshark tail-slaps you!
You see here 6 stones.
As you read the scroll of teleportation, it crumbles to dust.
You feel strangely unstable. The skyshark bites you!
The skyshark tail-slaps you! x2
* * * LOW HITPOINT WARNING * * *
The skyshark rages.
Your magical contamination has completely faded away.
The skyshark attacks as it pursues you! The skyshark closely misses you.
The skyshark misses you. The skyshark closely misses you.
The skyshark bites you!
* * * LOW HITPOINT WARNING * * *
The skyshark barely misses you. The skyshark tail-slaps you!
* * * LOW HITPOINT WARNING * * *
The komodo dragon hisses angrily.
The skyshark attacks as it pursues you! The skyshark barely misses you.
The skyshark tail-slaps you!
* * * LOW HITPOINT WARNING * * *
The skyshark tail-slaps you but does no damage.
The skyshark rages.
The skyshark closely misses you. The skyshark tail-slaps you!
You die...

#♣♣ ♣.###......
#......... ♣♣.........
.♣......P... ♣♣♣
........... ♣..#
........... #..
###..P##.##
##..#########......##
#P..@#.....##+.P#.P.#
###..F[...(l.........
#+.l((...........#.
.......P(.........#.
.......(.(...........
.......................
........PP...).........
.........#...........##
..........##.####+.###


You could see a skyshark (berserk) and 2 komodo dragons.

Vanquished Creatures
  A catoblepas (Lair:2)
  A two-headed ogre (D:10)
  A cyclops (D:11)
  2 black mambas
  5 cane toads
  2 gargoyles (D:10)
  A rime drake (Lair:2)
  7 komodo dragons
  Prince Ribbit (D:5)
  A hornet (D:8)
  3 blink frogs (Lair:1)
  A slime creature (D:10)
  3 spriggans (Lair:1)
  17 yaks (D:10)
  A wyvern (D:7)
  A basilisk (Lair:1)
  Eustachio (D:4)
  4 steam dragons
  3 nagas (Lair:2)
  3 vampire mosquitoes (D:9)
  2 acid dragons
  9 water moccasins
  6 black bears
  5 orc warriors
  6 centaurs
  Blork the orc (D:4)
  12 bullfrogs
  3 gnoll sergeants
  6 scorpions
  5 killer bees
  3 howler monkeys
  10 orc priests
  Crazy Yiuf (D:3)
  3 bombardier beetles
  3 hounds
  A jelly (D:5)
  A gnoll bouda (D:7)
  A sleepcap (D:7)
  Terence (D:2)
  7 iguanas
  13 orc wizards
  18 gnolls
  8 adders
  A shadow imp (D:5)
  A white imp (D:6)
  6 ufetubi
  2 ribbon worms (D:2)
  5 dart slugs
  33 orcs
  7 bats
  9 endoplasms
  4 giant cockroaches
  9 hobgoblins
  8 jackals
  4 kobolds
  2 quokkas
  5 ball pythons
  4 frilled lizards (D:1)
  9 goblins
  5 rats
298 creatures vanquished.

Vanquished Creatures (collateral kills)
  A water moccasin (Lair:1)
  Ijyb (D:4)
2 creatures vanquished.

Vanquished Creatures (others)
  2 orcs (D:4)
2 creatures vanquished.

Grand Total: 302 creatures vanquished

Notes
Turn   | Place    | Note
-------+----------+-------------------------------------------
     0 | D:1      | hadoken the Troll Earth Elementalist began the quest for
                  | the Orb.
     0 | D:1      | Reached XP level 1. HP: 16/16 MP: 1/1
    36 | D:1      | Reached skill level 1 in Unarmed Combat
   155 | D:1      | Reached XP level 2. HP: 23/24 MP: 2/2
   177 | D:1      | Reached skill level 2 in Unarmed Combat
   392 | D:1      | Reached XP level 3. HP: 31/31 MP: 1/3
   396 | D:1      | Learned a level 3 spell: Stone Arrow
   696 | D:2      | Noticed Terence
   850 | D:2      | Reached skill level 3 in Unarmed Combat
   912 | D:2      | Killed Terence
   913 | D:2      | Reached XP level 4. HP: 39/39 MP: 2/4
  1582 | D:3      | Found a shadowy altar of Dithmenos.
  1632 | D:3      | Found a runed translucent door.
  1633 | D:3      | Noticed Crazy Yiuf
  2021 | D:3      | Killed Crazy Yiuf
  2114 | D:4      | Found a burning altar of Makhleb.
  2146 | D:4      | Noticed Eustachio
  2155 | D:4      | Killed Eustachio
  2156 | D:4      | Reached skill level 1 in Fighting
  2156 | D:4      | Reached skill level 4 in Unarmed Combat
  2156 | D:4      | Reached XP level 5. HP: 46/48 MP: 3/5
  2234 | D:4      | Reached XP level 6. HP: 55/55 MP: 6/6
  2544 | D:4      | Noticed Blork the orc
  2557 | D:4      | Killed Blork the orc
  2561 | D:4      | Reached XP level 7. HP: 66/66 MP: 3/7
  2602 | D:4      | Found a sacrificial altar of Ru.
  2616 | D:4      | Reached skill level 5 in Unarmed Combat
  2633 | D:4      | Noticed Ijyb
  2655 | D:4      | Killed Ijyb
  2884 | D:5      | Entered Level 5 of the Dungeon
  2884 | D:5      | Found a staircase to the Ecumenical Temple.
  2896 | Temple   | Entered the Ecumenical Temple
  3193 | D:5      | Reached skill level 5 in Earth Magic
  3607 | D:5      | Reached XP level 8. HP: 78/78 MP: 5/8
  3762 | D:5      | Noticed Prince Ribbit
  3769 | D:5      | Reached skill level 6 in Unarmed Combat
  3789 | D:5      | Killed Prince Ribbit
  4165 | D:6      | Found a broken altar of Ashenzari.
  4552 | D:6      | Reached skill level 7 in Unarmed Combat
  4629 | D:6      | Reached skill level 5 in Fighting
  4856 | D:6      | Found a bloodstained altar of Trog.
  4900 | D:6      | Reached XP level 9. HP: 88/88 MP: 6/9
  5095 | D:8      | Found Jok Qeul's Assorted Antiques.
  5817 | D:7      | Reached skill level 8 in Unarmed Combat
  6345 | D:8      | Found an iron altar of Okawaru.
  6390 | D:8      | Bought a sapphire ring for 95 gold pieces
  6390 | D:8      | Bought a scroll of teleportation for 57 gold pieces
  6777 | D:8      | Found a hide-covered altar of Uskayaw.
  6986 | D:8      | Became a worshipper of Uskayaw the Reveller
  7017 | D:9      | Reached * piety under Uskayaw
  7109 | D:9      | Found a shimmering blue altar of Sif Muna.
  7115 | D:9      | Reached ** piety under Uskayaw
  7129 | D:9      | Reached XP level 10. HP: 96/100 MP: 7/10
  7136 | D:9      | Reached skill level 1 in Invocations
  7235 | D:9      | Reached *** piety under Uskayaw
  7236 | D:9      | Reached skill level 9 in Unarmed Combat
  7262 | D:9      | Reached **** piety under Uskayaw
  7306 | D:9      | Identified the +0 pair of boots "Baetz" {rF+ Str-2 Int+8
                  | SInv}
  7659 | D:10     | Entered Level 10 of the Dungeon
  7702 | D:10     | Reached ***** piety under Uskayaw
  7710 | D:10     | Reached ****** piety under Uskayaw
  7808 | D:10     | Found a staircase to the Lair.
  7810 | D:10     | Found a staircase to the Orcish Mines.
  7831 | D:10     | Noticed a two-headed ogre
  7837 | D:10     | Killed a two-headed ogre
  7838 | D:10     | Reached skill level 10 in Unarmed Combat
  7856 | D:10     | Found a glowing golden altar of the Shining One.
  7966 | D:10     | Reached XP level 11. HP: 87/111 MP: 13/13
  8049 | D:10     | Found a blossoming altar of Fedhas.
  8163 | D:10     | Found an ancient bone altar of Kikubaaqudgha.
  8167 | D:10     | Reached skill level 5 in Invocations
  9037 | D:11     | Noticed a green ugly thing
  9094 | Lair:1   | Entered Level 1 of the Lair of Beasts
  9205 | Lair:1   | Reached skill level 11 in Unarmed Combat
 10287 | Lair:1   | Identified the staff "Zeak" {rF+ rC+ Int-3 Ice Air}
 10713 | Lair:2   | Found a staircase to the Snake Pit.
 10748 | Lair:2   | Reached XP level 12. HP: 97/124 MP: 12/16
 10980 | Lair:2   | Noticed a catoblepas
 10991 | Lair:2   | Killed a catoblepas
 11830 | Lair:3   | HP: 2/124 [skyshark (11)]
 11831 | Lair:3   | Mangled by a skyshark

Illustrated notes

Levels and vault maps discovered:
D:1:      dpeg_arrival_boxorama, layout_loops_ring,
          minmay_misc_feat_four_crosses, minmay_misc_feat_tiny, st_stairs_1
D:2:      layout_basic, uniq_terence
D:3:      layout_basic, grunt_dithmenos_smoke_and_mirrors,
          kennysheep_generic_room_10, uniq_crazy_yiuf_cottage
D:4:      layout_basic, bloody_makhleb, mainiacjoe_overflow_six_doors_small,
          uniq_ijyb, uniq_eustachio, uniq_blork_the_orc
D:5:      minmay_thinvault, layout_cave_pools, minmay_temple_entry_glass,
          uniq_prince_ribbit1
D:6:      layout_loops_ring, mainiacjoe_overflow_boulevard, trog_butcher_becter
D:7:      layout_loops_ring, corexii_item_surrounded_by_moat
D:8:      layout_rooms, mainiacjoe_overflow_paths, overflow_temple_1_default,
          serial_shops, nicolae_shop_temple_entry_statues_fountains
D:9:      layout_rooms, mainiacjoe_overflow_24_doors, solitary_fountain
D:10:     layout_roguey, mainiacjoe_overflow_surrounded_room,
          mainiacjoe_overflow_small_starburst, nicolae_tso_carved_into_rock,
          due_lair_maze_entry_diamond, kennysheep_opposing_triangles
D:11:     layout_cave_pools, minmay_unpleasant_kobolds
Temple:   nicolae_temple_bog_church
Lair:1:   layout_layer_cave, eino_small_chamber_without_monster, wad_woods_02,
          serial_bayou_shore_b
Lair:2:   layout_cave_pods, guppyfry_snake_entry_garden, minivault_27,
          disabler_island
Lair:3:   layout_roguey, mainiacjoe_swamp_entry_angry_trees, grunt_megastairs_4,
          lemuel_fruit_fields, infiniplex_staircase_pool_2, lemuel_fruit_tree

Skill      XL: |  1  2  3  4  5  6  7  8  9 10 11 |
---------------+----------------------------------+-----
Unarmed Combat | 1 2 3 4 5 7 8 10 11 | 11.9
Earth Magic    | 3 4 5 6 8 |  8.2
Fighting       | 1 2 3 5 6 8 9 |  9.6
Invocations    | 4 7 |  7.6
Dodging        | |  1.5
Stealth        | |  1.0
Spellcasting   | |  1.2
Conjurations   | |  0.6

Action                     |  1- 3 |  4- 6 |  7- 9 | 10-12 || total
---------------------------+-------+-------+-------+-------++-------
  Melee: Unarmed           |    29 |    51 |   220 |   292 ||   592
         Punch             |       |       |     6 |    19 ||    25
  Throw: Javelin           |     6 |       |       |       ||     6
         Dart              |     4 |    10 |    32 |    19 ||    65
   Cast: Sandblast         |    39 |    36 |    86 |    17 ||   178
         Stone Arrow       |       |     4 |    52 |    73 ||   129
 Invoke: Stomp             |       |       |       |     3 ||     3
  Evoke: Wand              |       |       |    11 |     9 ||    20
    Use: Potion            |     1 |     3 |       |     8 ||    12
         Scroll            |       |     4 |    13 |     6 ||    23
   Stab: Sleeping          |       |       |     1 |       ||     1
         Paralysed         |       |       |       |    17 ||    17
         Distracted        |       |       |       |     1 ||     1
         Invisible         |       |       |       |     2 ||     2
 Armour: Robe              |    29 |    40 |   251 |     9 ||   329
         Steam dragon scal |       |       |       |   237 ||   237
         Skin              |       |       |       |    19 ||    19
  Dodge: Dodged            |    20 |    25 |   143 |    99 ||   287
   Form: Maw               |       |       |     1 |       ||     1
